 Dungeon Crawl Stone Soup version 0.22.0-38-g04b72b8c25 (webtiles) character file.

434 TheWayOfAllFlesh the Gusty (level 7, 0/38 HPs)
             Began as a Tengu Air Elementalist on Aug 27, 2018.
             Killed from afar by an orc wizard (10 damage)
             ... with a magic dart
             ... on level 3 of the Dungeon.
             The game lasted 00:08:30 (6687 turns).

TheWayOfAllFlesh the Gusty (Tengu Air Elementalist) Turns: 6687, Time: 00:08:31

Health: 0/38       AC:  3    Str:  9    XL:     7   Next: 0%
Magic:  0/12       EV: 14    Int: 17    God:
Gold:   252        SH:  0    Dex: 14    Spells: 2/12 levels left

rFire    . . .     SeeInvis .   o - +0 dagger
rCold    . . .     Gourm    .   (no shield)
rNeg     . . .     Faith    .   a - +0 robe
rPois    .         Spirit   .   A - +1 hat
rElec    .         Reflect  .   (no cloak)
rCorr    .         Harm     .   (no gloves)
MR       .....                  (boots unavailable)
Stlth    ++........             (no amulet)
HPRegen  0.12/turn              (no ring)
MPRegen  0.13/turn              (no ring)

@: no status effects
A: beak, talons 3, able to fly 1
a: Fly


You were on level 3 of the Dungeon.
You were not hungry.

You visited 1 branch of the dungeon, and saw 4 of its levels.
You also visited: Sewer.

You collected 252 gold pieces.

Inventory:

Hand Weapons
 o - a +0 dagger (weapon)
Missiles
 s - a throwing net (quivered)
Armour
 a - a +0 robe (worn)
 A - a +1 hat (worn)
Jewellery
 l - a cursed ring of attention {unknown}
Wands
 d - a wand of polymorph (13)
 j - a wand of flame (13)
Scrolls
 b - 3 scrolls of identify
 f - a scroll of enchant weapon {unknown}
 g - 3 scrolls of fog
 n - a scroll of amnesia {unknown}
 r - 2 scrolls of teleportation
 v - a scroll of remove curse {unknown}
 y - 3 scrolls of fear {unknown}
 z - a scroll of random uselessness {unknown}
Potions
 e - a potion of ambrosia {unknown}
 h - 2 potions of berserk rage {unknown}
 i - a potion of might {unknown}
 k - 2 potions of haste {unknown}
 m - a potion of agility {unknown}
 p - 2 potions of curing {unknown}
 q - a potion of mutation {unknown}
 u - 4 potions of degeneration {unknown}
 w - 3 potions of flight {unknown}
 x - a potion of brilliance {unknown}
Comestibles
 c - 5 rations


   Skills:
 + Level 1.1 Fighting
 + Level 3.9 Dodging
 - Level 2.0 Stealth
 + Level 3.3 Spellcasting
 + Level 5.4 Conjurations
 * Level 6.0 Air Magic


You had 2 spell levels left.
You knew the following spells:

 Your Spells              Type           Power        Failure   Level  Hunger
a - Shock                 Conj/Air       ###.         1%          1    None
b - Static Discharge      Conj/Air       ###.....     4%          3    ###....
c - Airstrike             Air            ###.......   14%         4    ####...
u - Swiftness             Chrm/Air       ##......     8%          2    ##.....

Your spell library contained the following spells:

 Spells                   Type           Power        Failure   Level  Hunger
 Lightning Bolt           Conj/Air       ###.......   41%         5    ######.


Dungeon Overview and Level Annotations

Branches:
Dungeon (4/15)
 Temple: D:4-7

Altars:

Annotations:
D:2 exclusion: downstairs


Innate Abilities, Weirdness & Mutations

You have a beak for a mouth.
You have claws for feet.
You can fly.


Message History

The zap hits the orc wizard.
The orc wizard is heavily wounded.
The zap hits the orc wizard.
The orc wizard is severely wounded.
The zap misses you. The orc wizard misses you.
You hit the orc wizard.
The orc wizard is severely wounded.
The orc wizard casts a spell at you. The magic dart hits you!
* * * LOW HITPOINT WARNING * * *
You hit the orc wizard but do no damage.
Your kick misses the orc wizard.
The orc wizard is severely wounded.
The orc wizard hits you with a dagger.
* * * LOW HITPOINT WARNING * * *
You miss the orc wizard. Your kick misses the orc wizard.
The orc wizard is severely wounded.
The orc wizard gestures at you while chanting.
The magic dart hits you!
You die...

#.........#.#'###.......
########..#.............
####..#.............
#.....#.............
#.##.##........###..
###.##................
#.#.######............
#....o.###......#.....
#.#..@[.......#.#.....
#.#...........#.#.....
#.#.............###+#.
#.#.................#.
#.#....#.......######.
#.#.##.#..............
#.#.##.#....##########
#.#.##.##+#.#
#.#.##(##.#+##########


You could see an orc wizard.

Vanquished Creatures
  A centaur zombie (D:4)
  An orc wizard (D:4)
  Natasha (thrice) (D:2)
  2 hound skeletons (D:4)
  8 gnolls
  5 adders
  8 oozes
  An adder skeleton (D:4)
  4 worms
  3 dart slugs
  6 leopard geckos
  7 orcs (D:3)
  A ball python (D:1)
  7 giant cockroaches
  3 goblins
  3 hobgoblins
  4 jackals (Sewer)
  2 quokkas
  11 bats
  9 frilled lizards
  8 kobolds
  A leopard gecko skeleton (D:4)
  2 rats
100 creatures vanquished.

Notes
Turn   | Place    | Note
-------+----------+-------------------------------------------
     0 | D:1      | TheWayOfAllFlesh the Tengu Air Elementalist began the quest for the Orb.
     0 | D:1      | Reached XP level 1. HP: 10/10 MP: 4/4
   159 | D:1      | Reached XP level 2. HP: 15/15 MP: 0/6
  1042 | D:2      | Reached XP level 3. HP: 19/19 MP: 4/7
  2107 | D:2      | Reached XP level 4. HP: 14/24 MP: 1/8
  2230 | D:2      | Learned a level 2 spell: Swiftness
  2234 | D:2      | Learned a level 3 spell: Static Discharge
  2241 | D:2      | Noticed Natasha
  2246 | D:2      | Killed Natasha
  2795 | D:2      | Noticed Natasha
  2813 | D:2      | Killed Natasha
  2813 | D:2      | Gained mutation: You can fly. [Tengu growth]
  2813 | D:2      | Reached XP level 5. HP: 28/28 MP: 0/10
  3491 | D:2      | Noticed Natasha
  3496 | D:2      | Killed Natasha
  3496 | D:2      | Reached skill level 5 in Air Magic
  4161 | D:3      | Reached XP level 6. HP: 32/32 MP: 8/11
  4191 | D:3      | Learned a level 4 spell: Airstrike
  4668 | D:3      | Reached skill level 5 in Conjurations
  5541 | D:4      | Found a glowing drain.
  5550 | Sewer    | Entered a sewer
  6595 | D:4      | Reached skill level 1 in Fighting
  6679 | D:4      | Reached skill level 6 in Air Magic
  6679 | D:4      | Reached XP level 7. HP: 21/38 MP: 2/12
  6687 | D:3      | Killed from afar by an orc wizard

Skill      XL: |  1  2  3  4  5  6 |
---------------+-------------------+-----
Conjurations   | 2 3 4 5 |  5.4
Dodging        | 3 |  3.9
Air Magic      | 5 6 |  6.0
Spellcasting   | 3 |  3.3
Fighting       | 1 |  1.1
Stealth        | |  2.0

Action                   |  1- 3 |  4- 6 |  7- 9 || total
-------------------------+-------+-------+-------++-------
Melee: Short sword       |     4 |       |       ||     4
       Unarmed           |     1 |       |       ||     1
       Kick              |     1 |       |       ||     1
       Dagger            |       |    12 |     3 ||    15
       Peck              |       |     1 |       ||     1
 Cast: Shock             |    71 |   174 |     3 ||   248
       Static Discharge  |       |    11 |     1 ||    12
 Abil: Fly               |       |     6 |       ||     6
  Use: Scroll            |       |     3 |       ||     3
  Eat: Chunk             |     4 |    12 |       ||    16
       Ration            |       |     2 |       ||     2
Armor: Robe              |     6 |    15 |       ||    21
       Skin              |       |    10 |       ||    10
Dodge: Dodged            |    21 |    58 |     6 ||    85
